 Dungeon Crawl Stone Soup version 0.30-a0-862-g1aabd4f9c5 (webtiles) character file.

Game seed: 362252779222965772

429 Pimp the Sneak (level 6, 0/28 HPs)
             Began as a Spriggan Conjurer on Mar 9, 2023.
             Was an Initiate of Vehumet.
             Succumbed to a scorpion's poison
             ... on level 4 of the Dungeon.
             The game lasted 00:13:19 (3748 turns).

Pimp the Sneak (Spriggan Conjurer)                  Turns: 3748, Time: 00:13:20

Health: 0/28       AC:  4    Str:  3    XL:     6   Next: 66%
Magic:  10/14      EV: 19    Int: 20    God:    Vehumet [......]
Gold:   100        SH:  0    Dex: 15    Spells: 9/14 levels left

rFire   . . .      SeeInvis +    c - +0 dagger
rCold   . . .      Faith    .    (no shield)
rNeg    . . .      Spirit   .    f - +2 robe
rPois   .          Reflect  .    (helmet restricted)
rElec   .          Rampage  .    (no cloak)
rCorr   .                        (gloves unavailable)
Will    +....                    (boots unavailable)
Stlth   +++                      (no amulet)
HPRegen 0.24/turn                (no ring)
MPRegen 0.14/turn                (no ring)

@: lethally poisoned (0 -> -4), about to teleport, hasted, very quick
A: very small, no large weapons, unfitting armour, see invisible, speed 3
a: Renounce Religion


You were on level 4 of the Dungeon.
You worshipped Vehumet.
Vehumet was noncommittal.
You visited 1 branch of the dungeon, and saw 4 of its levels.

You collected 100 gold pieces.

Inventory:

Hand Weapons
 c - a +0 dagger (weapon)
Missiles
 d - 2 throwing nets
 e - 5 datura-tipped darts (quivered)
Armour
 a - a +0 robe
 f - a +2 robe (worn)
Wands
 j - a wand of roots (4)
Scrolls
 g - a scroll of teleportation
 h - a scroll of vulnerability {unknown}
 i - 3 scrolls of identify
 k - a scroll of summoning {unknown}
 l - a scroll of enchant weapon {unknown}
Potions
 b - a potion of magic


   Skills:
 + Level 5.2 Dodging
 + Level 6.1 Stealth
 + Level 4.9 Spellcasting
 + Level 4.0 Conjurations


You had 9 spell levels left.
You knew the following spells:

 Your Spells              Type           Power      Damage    Failure   Level
a - Magic Dart            Conj           84%        1d7       2%          1
b - Searing Ray           Conj           42%        2d6       3%          2
c - Sandblast             Erth           8%         2d5       12%         1
d - Slow                  Hex            16%        N/A       12%         1

Your spell library contained the following spells:

 Spells                   Type           Power      Damage    Failure   Level
 Static Discharge         Conj/Air       24%        2-3/arc   8%          2
 Apportation              Tloc           8%         N/A       12%         1
 Necrotise                Necr           16%        1d4       12%         1
 Summon Small Mammal      Summ           16%        N/A       12%         1
 Dazzling Flash           Conj/Hex       24%        N/A       16%         3
 Stone Arrow              Conj/Erth      24%        3d8       16%         3
 Passwall                 Tmut/Erth      3%         N/A       19%         2
 Confusing Touch          Hex            4%         N/A       34%         3
 Vampiric Draining        Necr           4%         2d6       34%         3
 Vhi's Electric Charge    Tloc/Air       8%         N/A       34%         3
 Fulminant Prism          Conj/Hex       6%         3d7       45%         4
 Iskenderun's Mystic Bla  Conj/Tloc      12%        2d5       45%         4
 Arcjolt                  Conj/Air       6%         1d16      82%         5
 Lightning Bolt           Conj/Air       6%         1d18      82%         5


Dungeon Overview and Level Annotations

Branches:
Dungeon (4/15)
 Temple: D:4-7

Altars:
Nemelex Xobeh
Uskayaw
Vehumet

Shops:
D:1 =

Annotations:
D:3 1 runed translucent door, Newt's ghost, amateur KoHu


Innate Abilities, Weirdness & Mutations

You are very small and have problems with some larger weapons.
You are too small for most types of armour.
You have supernaturally acute eyesight. (SInv)
You cover ground extremely quickly. (Speed+++)


Message History

Press: ? - help, Shift-Dir - straight line, f - scorpion
Aim: a scorpion (78% to hit)
The searing ray hits the scorpion!
The scorpion is heavily wounded. (Press . to maintain the ray.)
The searing ray hits the scorpion.
The scorpion is heavily wounded.
The scorpion barely misses you.
The searing ray hits the scorpion.
The scorpion is severely wounded.
The scorpion stings you.
You are poisoned.
The scorpion poisons you!
The searing ray misses the scorpion.
You finish channelling your searing ray.
You feel very sick. The scorpion stings you.
You are lethally poisoned!
The scorpion poisons you!
You feel very sick.
The kobold shouts!
You feel very sick.
* * * LOW HITPOINT WARNING * * *
You feel sick.
There is a stone staircase leading up here.
It was a potion of haste.
You feel yourself speed up.
* * * LOW HITPOINT WARNING * * *
You feel very sick. The scorpion completely misses you.
* * * LOW HITPOINT WARNING * * *
You feel sick.
* * * LOW HITPOINT WARNING * * *
You feel sick.
As you read the scroll of teleportation, it crumbles to dust.
You feel strangely unstable.
* * * LOW HITPOINT WARNING * * *
You feel sick.
* * * LOW HITPOINT WARNING * * *
You feel sick.
You die...

### ##.##
#####...###
#..#......#
##@......### .
#......s..$# ..
###........# ...
##.......####....
#.....<.........
#......K..........
##...$#...........
#......#.........
.....#..#.......>.


You could see a scorpion and a kobold.

Vanquished Creatures
  Sigmund (D:2)
  Jessica (D:2)
  Natasha (thrice) (D:2 D:3)
  2 orc wizards (D:3)
  4 adders
  2 worms
  A dart slug (D:1)
  An orc (D:3)
  3 ball pythons
  2 bats
  2 endoplasms
  2 giant cockroaches
  7 goblins
  5 hobgoblins
  5 jackals
  3 quokkas
  5 frilled lizards
  7 kobolds
  10 rats
66 creatures vanquished.

Vanquished Creatures (collateral kills)
  A bat (D:2)
  4 hobgoblins (D:2)
  A quokka (D:2)
  A ball python (D:2)
  A kobold (D:2)
8 creatures vanquished.

Vanquished Creatures (others)
  2 withered plants (D:3)
2 creatures vanquished.

Grand Total: 76 creatures vanquished

Notes
Turn   | Place    | Note
-------+----------+-------------------------------------------
     0 | D:1      | Pimp the Spriggan Conjurer began the quest for the Orb.
     0 | D:1      | Reached XP level 1. HP: 9/9 MP: 5/5
   133 | D:1      | Found Fusupnom's One-of-a-Kind Rings.
   234 | D:1      | Reached XP level 2. HP: 13/13 MP: 1/6
  1068 | D:1      | Learned a level 2 spell: Searing Ray
  1267 | D:2      | Reached XP level 3. HP: 15/16 MP: 8/8
  1334 | D:2      | Noticed Jessica
  1474 | D:2      | Killed Jessica
  1475 | D:2      | Reached skill level 4 in Stealth
  1475 | D:2      | Reached XP level 4. HP: 10/21 MP: 8/10
  1817 | D:2      | Noticed Sigmund
  1832 | D:2      | Killed Sigmund
  1833 | D:2      | Reached skill level 5 in Stealth
  1833 | D:2      | Reached XP level 5. HP: 21/24 MP: 5/12
  1917 | D:2      | Noticed Natasha
  1928 | D:2      | Killed Natasha
  1929 | D:2      | Reached XP level 6. HP: 17/28 MP: 8/13
  2172 | D:2      | Noticed Natasha
  2181 | D:2      | Killed Natasha
  2263 | D:2      | Noticed Natasha
  2292 | D:3      | Killed Natasha
  2629 | D:3      | Reached skill level 5 in Dodging
  2644 | D:3      | Found a runed translucent door.
  2644 | D:3      | Noticed Newt's ghost (amateur KoHu)
  2832 | D:3      | Reached skill level 6 in Stealth
  3111 | D:3      | Learned a level 1 spell: Sandblast
  3113 | D:3      | Learned a level 1 spell: Slow
  3653 | D:3      | Found a sparkling altar of Nemelex Xobeh.
  3653 | D:3      | Found a faded altar of an unknown god.
  3661 | D:3      | Found a radiant altar of Vehumet.
  3663 | D:3      | Found a faded altar of an unknown god.
  3665 | D:3      | Found a hide-covered altar of Uskayaw.
  3668 | D:3      | Became a worshipper of Vehumet
  3746 | D:4      | HP: 1/28 [poisoned by a scorpion]
  3748 | D:4      | Succumbed to a scorpion's poison

Illustrated notes

Levels and vault maps discovered:
D:1:      dpeg_arrival_ternary, layout_basic, nicolae_shop_unique_rings,
          minmay_octomino_j4
D:2:      layout_rooms, uniq_natasha, uniq_sigmund, uniq_jessica
D:3:      layout_loops_corners, chequers_temple_overflow_minitemple,
          gammafunk_ghost_grave
D:4:      layout_cave_pools, nicolae_specific_store, uniq_menkaure

Skill      XL: |  1  2  3  4  5  6 |
---------------+-------------------+-----
Conjurations   | 3 4 |  4.0
Dodging        | 3 4 5 |  5.2
Spellcasting   | 3 4 |  4.9
Stealth        | 4 5 6 |  6.1

Action                     |  1- 3 |  4- 6 || total
---------------------------+-------+-------++-------
  Melee: Dagger            |    56 |    33 ||    89
         Unarmed           |     2 |       ||     2
  Throw: Dart              |     4 |       ||     4
   Cast: Magic Dart        |    27 |     9 ||    36
         Searing Ray       |       |    20 ||    20
    Use: Scroll            |     4 |     1 ||     5
         Potion            |     3 |     3 ||     6
   Stab: Sleeping          |     6 |    10 ||    16
         Invisible         |     1 |       ||     1
 Armour: Robe              |     4 |     3 ||     7
  Dodge: Dodged            |    65 |    31 ||    96

Table legend: (Time is in decaauts)
 A = Elapsed time spent in this place.
 B = Non-inter-level travel time spent in this place.
 C = Inter-level travel time spent in this place.
 D = Time resting spent in this place.
 E = Time spent auto-exploring this place.
 F = Levels seen in this place.
 G = Mean time per level.
                   A        B        C        D        E       F      G
               +--------+--------+--------+--------+--------+-----+--------+
         Total |   2834 |   2788 |     46 |   1013 |   1112 |   4 |  708.5 |
       Dungeon |   2834 |   2788 |     46 |   1013 |   1112 |   4 |  708.5 |
               +--------+--------+--------+--------+--------+-----+--------+

Top non-repeatable levels by time:
     D:1: 1045 daAuts
     D:3: 902 daAuts
     D:2: 874 daAuts
     D:4: 12 daAuts
